 Dungeon Crawl Stone Soup version 0.23.2-1-ga50397a6bc (webtiles) character file.

Game seed: 15565131683361647079

767 Gargoyl the Skirmisher (level 7, -14/59 HPs)
             Began as a Centaur Abyssal Knight on May 23, 2019.
             Was a Believer of Lugonu.
             Demolished by an ogre
             ... wielding a +0 giant spiked club
              (24 damage)
             ... on level 4 of the Dungeon.
             The game lasted 00:07:24 (5534 turns).

Gargoyl the Skirmisher (Centaur Abyssal Knight)     Turns: 5534, Time: 00:07:24

Health: -14/59     AC:  8    Str: 15    XL:     7   Next: 52%
Magic:  0/9        EV:  6    Int: 11    God:    Lugonu [**....]
Gold:   148        SH:  0    Dex: 10    Spells: 6/6 levels left

rFire    . . .     SeeInvis .   a - +2 hand axe
rCold    . . .     Gourm    .   (no shield)
rNeg     . . .     Faith    .   k - +0 chain mail
rPois    .         Spirit   +   (no helmet)
rElec    .         Reflect  .   (no cloak)
rCorr    .         Harm     .   (no gloves)
MR       .....                  (no barding)
Stlth    ..........             d - amulet of guardian spirit
HPRegen  0.59/turn              h - ring of flight
MPRegen  0.11/turn              (no ring)

@: very quick
A: large, hooves 3, deformed body, speed 2, regeneration 1, tough skin 3, sturdy
frame 1
a: Depart the Abyss, Bend Space, Renounce Religion, Evoke Flight


You were on level 4 of the Dungeon.
You worshipped Lugonu.
Lugonu was pleased with you.
You were not hungry.

You visited 1 branch of the dungeon, and saw 4 of its levels.
You visited the Abyss 1 time.

You collected 148 gold pieces.

Inventory:

Hand Weapons
 a - a +2 hand axe (weapon)
Missiles
 m - 8 tomahawks (quivered)
Armour
 k - a +0 chain mail (worn)
Jewellery
 d - an amulet of guardian spirit (around neck)
 h - a ring of flight (left hand)
Scrolls
 e - 3 scrolls of teleportation
 g - a scroll of identify
 j - 2 scrolls of amnesia
 n - a scroll of magic mapping
Potions
 b - a potion of brilliance
 i - a potion of haste
 l - a potion of berserk rage {unknown}
Comestibles
 c - 6 rations
 f - 4 chunks of flesh


   Skills:
 + Level 4.2 Fighting
 + Level 4.1 Axes
 + Level 0.2 Throwing
 * Level 3.9 Armour
 * Level 2.3 Dodging
 * Level 3.8 Invocations


You had 6 spell levels left.
You didn't know any spells.
Your spell library was empty.

Dungeon Overview and Level Annotations

Branches:
Dungeon (4/15)
 Temple: D:4-7

Altars:
Nemelex Xobeh
Qazlal


Innate Abilities, Weirdness & Mutations

You have hooves in place of feet.
Armour fits poorly on your strangely shaped body.
You cover ground very quickly.
You have extremely tough skin. (AC +3)
Your natural rate of healing is unusually fast.
Your movements are slightly less encumbered by armour. (ER -2)


Message History

There is a stone staircase leading up, spattered with blood here.
You start resting.
HP restored.
The ogre barely misses you.
Your chain mail prevents you from hitting the ogre.
The ogre hits you with a +0 giant spiked club!!
You hit the ogre.
The ogre is lightly wounded.
The ogre barely misses you.
You slash the ogre!
The ogre is moderately wounded.
The ogre hits you with a +0 giant spiked club!!
You slash the ogre!
The ogre is severely wounded.
The ogre hits you with a +0 giant spiked club!
* * * LOW HITPOINT WARNING * * *
You hit the ogre.
The ogre is almost dead.
The ogre hits you with a +0 giant spiked club!!
You die...

#..#
#...#
#.# #..#
#.###
#.# #..#
#.# #.#
#..# #.#
#(#
##.###.#
#.#
#..##.#
#.#
#..##O#
#.#
#...#.#
#O#####
##.#.#.#
#.@.<.#
O..#...#
#######
#####..#
.......#
########


You could see an ogre.

Vanquished Creatures
  A yak (D:4)
  A phantom (D:4)
  A big kobold (D:3)
  2 orc wizards
  4 orc priests
  An iguana (D:4)
  Natasha (thrice) (D:2)
  A worker ant (D:4)
  4 adders
  2 gnolls (D:4)
  3 worms
  2 dart slugs (D:1)
  A leopard gecko (D:1)
  12 orcs
  A ball python (D:3)
  4 giant cockroaches
  5 goblins
  7 hobgoblins
  8 jackals
  A quokka (D:2)
  9 bats
  5 frilled lizards
  7 kobolds
  3 rats
88 creatures vanquished.

Vanquished Creatures (others)
  A lurking horror (Abyss:1)
1 creature vanquished.

Grand Total: 89 creatures vanquished

Notes
Turn   | Place    | Note
-------+----------+-------------------------------------------
     0 | Abyss:1  | Gargoyl the Centaur Abyssal Knight began the quest for the
                  | Orb.
     0 | Abyss:1  | Reached XP level 1. HP: 19/19 MP: 2/2
   131 | Abyss:2  | Found a corrupted altar of Lugonu.
   179 | Abyss:2  | Noticed a neqoxec
   195 | Abyss:2  | Noticed an ancient zyme
   196 | Abyss:2  | Noticed a purple very ugly thing
   211 | Abyss:2  | Noticed a wraith
   215 | Abyss:2  | Noticed a worldbinder
   220 | Abyss:2  | Noticed a warg
   224 | Abyss:2  | Noticed a sky beast
   224 | Abyss:2  | Noticed an orc priest
   225 | Abyss:2  | Noticed a starcursed mass
   228 | D:1      | Escaped the Abyss
   576 | D:1      | Reached * piety under Lugonu
   576 | D:1      | Reached XP level 2. HP: 24/26 MP: 3/3
  1064 | D:2      | Reached skill level 1 in Dodging
  1414 | D:3      | Reached XP level 3. HP: 29/31 MP: 2/4
  2197 | D:2      | Reached XP level 4. HP: 12/38 MP: 3/5
  2573 | D:2      | Found a sparkling altar of Nemelex Xobeh.
  2651 | D:2      | Noticed Natasha
  2661 | D:2      | Killed Natasha
  2874 | D:2      | Noticed Natasha
  2888 | D:2      | Killed Natasha
  3089 | D:2      | Noticed Natasha
  3099 | D:2      | Killed Natasha
  3099 | D:2      | Reached XP level 5. HP: 23/46 MP: 2/7
  3938 | D:3      | Reached ** piety under Lugonu
  4282 | D:3      | Reached XP level 6. HP: 44/52 MP: 6/8
  4451 | D:3      | Found a stormy altar of Qazlal.
  4580 | D:4      | Gained mutation: Your natural rate of healing is unusually
                  | fast. [potion of mutation]
  4580 | D:4      | Gained mutation: Your movements are slightly less
                  | encumbered by armour. (ER -2) [potion of mutation]
  4877 | D:4      | Noticed an orc warrior
  5017 | D:3      | Reached XP level 7. HP: 36/59 MP: 5/9
  5337 | D:4      | Noticed a yak
  5350 | D:4      | Killed a yak
  5534 | D:4      | Demolished by an ogre

Skill      XL: |  1  2  3  4  5  6  7 |
---------------+----------------------+-----
Dodging        | 1 2 |  2.3
Axes           | 2 3 4 |  4.1
Armour         | 2 3 |  3.9
Invocations    | 3 |  3.8
Fighting       | 4 |  4.2
Throwing       | |  0.2

Action                   |  1- 3 |  4- 6 |  7- 9 || total
-------------------------+-------+-------+-------++-------
Melee: Hand axe          |   124 |   204 |    42 ||   370
       Kick              |    13 |    34 |     8 ||    55
Throw: Tomahawk          |       |     5 |       ||     5
Invok: Depart the Abyss  |     1 |       |       ||     1
  Use: Potion            |     3 |     1 |       ||     4
       Scroll            |     2 |     6 |       ||     8
  Eat: Chunk             |     3 |     4 |     2 ||     9
       Ration            |       |     1 |       ||     1
Armor: Leather armour    |    79 |     6 |       ||    85
       Chain mail        |       |    87 |    20 ||   107
Dodge: Dodged            |   103 |    76 |    21 ||   200
